 Dungeon Crawl Stone Soup version 0.21.0-25-ge575cb9 (webtiles) character file.

47896 homeworkjunkie the Severer (level 14, 0/129 HPs)
             Began as a Hill Orc Fighter on Jan 15, 2018.
             Was the Champion of Okawaru.
             Slain by a spectral six-headed hydra (7 damage)
             ... called from beyond by a ghost crab
             ... on level 4 of the Lair of Beasts on Jan 22, 2018.
             The game lasted 00:34:58 (14628 turns).

homeworkjunkie the Severer (Hill Orc Fighter)      Turns: 14628, Time: 00:35:00

Health: 0/129      AC: 11    Str: 25    XL:     14   Next: 44%
Magic:  28/28      EV: 10    Int:  8    God:    Okawaru [******]
Gold:   1587       SH: 13    Dex: 11    Spells: 13/13 levels left

rFire    + . .     SeeInvis .   b - +9 broad axe of the Lost Dreams {flame, rElec Str+2}
rCold    . . .     Gourm    .   E - +1 shield {reflect}
rNeg     + . .     Faith    .   V - +2 plate armour {rN+}
rPois    +         Spirit   .   M - +1 hat {MR+}
rElec    +         Reflect  +   L - +1 cloak
rCorr    .         Harm     .   u - +1 pair of gloves
MR       ++...                  m - +0 pair of boots
Stlth    ..........             D - amulet of regeneration
HPRegen  0.71/turn              o - ring of Tikkur {rF+ MP+9 EV+3}
MPRegen  0.21/turn              y - ring of poison resistance

@: about to teleport, corroded, drained
A: deterioration 1
a: Heroism, Finesse, Renounce Religion


You were on level 4 of the Lair of Beasts.
You worshipped Okawaru.
Okawaru was exalted by your worship.
You were not hungry.

You visited 3 branches of the dungeon, and saw 18 of its levels.
You also visited: Sewer and Ice Cave.

You collected 1766 gold pieces.
You spent 179 gold pieces at shops.

Inventory:

Hand Weapons
 b - the +9 broad axe of the Lost Dreams (weapon) {flame, rElec Str+2}
   (You acquired it on level 6 of the Dungeon)

   It has been specially enchanted to burn those struck by it, causing extra
   injury to most foes and up to half again as much damage against particularly
   susceptible opponents.
   Big, fiery blades are also staple armaments of hydra-hunters.
   It affects your strength (+2).
   It insulates you from electricity.
 I - a +2 battleaxe of freezing
 K - the +3 broad axe of Foolhardiness {freeze, *Contam rPois Str+4}
   (Okawaru gifted it to you in an ice cave)

   It has been specially enchanted to freeze those struck by it, causing extra
   injury to most foes and up to half again as much damage against particularly
   susceptible opponents.
   It can also slow down cold-blooded creatures.
   It affects your strength (+4).
   It protects you from poison.
   It causes magical contamination when unequipped.
Armour
 m - a +0 pair of boots (worn)
 u - a +1 pair of gloves (worn)
 E - a +1 shield of reflection (worn)
 L - a +1 cloak (worn)
 M - a +1 hat of magic resistance (worn)
 V - a +2 plate armour of positive energy (worn)
Jewellery
 h - an uncursed ring of flight
 o - the ring of Tikkur (left hand) {rF+ MP+9 EV+3}
   (You took it off a centaur on level 11 of the Dungeon)

   [ring of evasion]

   It affects your evasion (+3).
   It protects you from fire.
   It affects your magic capacity (+9).
 w - an uncursed amulet of guardian spirit
 y - a ring of poison resistance (right hand)
 D - an amulet of regeneration (around neck)
 H - an uncursed ring of fire
 N - an uncursed amulet of harm
 P - an uncursed ring of stealth {unknown}
 S - an uncursed ring of wizardry {unknown}
Wands
 a - a wand of paralysis (21)
 v - a wand of flame (98)
 C - a wand of iceblast (25)
 O - a wand of acid (3)
Scrolls
 d - a scroll of blinking
 i - 14 scrolls of remove curse
 k - 6 scrolls of identify
 n - 10 scrolls of teleportation
 q - 5 scrolls of immolation
 r - a scroll of magic mapping
 F - 2 scrolls of fear
 G - 2 scrolls of fog
 Q - a scroll of brand weapon {unknown}
 R - a scroll of enchant armour
 T - a scroll of enchant weapon
Potions
 c - a potion of haste
 e - 3 potions of mutation
 f - a potion of berserk rage
 j - 4 potions of cancellation
 l - 2 potions of resistance
 p - 4 potions of brilliance
 t - 4 potions of flight
 x - 3 potions of lignification
 A - a potion of agility
 B - 6 potions of curing
 J - 2 potions of magic
 U - 2 potions of ambrosia
Comestibles
 g - 17 rations


   Skills:
 * Level 13.3(12.7) Fighting
 * Level 19.0(18.4) Axes
 * Level 10.2(9.7) Armour
 + Level 3.0(2.6) Dodging
 + Level 1.0(0.6) Stealth
 * Level 11.7(11.1) Shields
 + Level 0.1(0.0) Invocations
 * Level 7.0(6.5) Evocations


You had 13 spell levels left.
You didn't know any spells.

Dungeon Overview and Level Annotations

Branches:
Dungeon (12/15)            Temple (1/1) D:7            Lair (5/6) D:10
  Swamp (0/4) Lair:3        Snake (0/4) Lair:4          Orc (0/2) D:11
  Slime: Lair:5-6

Altars:
Cheibriados
Dithmenos
Fedhas
Gozag
Hepliaklqana
Kikubaaqudgha
Makhleb
Nemelex Xobeh
Okawaru
Ru
Trog
Vehumet
Xom
Yredelemnul
Zin
Beogh

Shops:
D:4 *?


Innate Abilities, Weirdness & Mutations

Your body sometimes deteriorates upon taking damage.


Message History

* * * LOW HITPOINT WARNING * * *
The spectral six-headed hydra bites you but does no damage.
You block the spectral six-headed hydra's attack.
The spectral six-headed hydra closely misses you.
You block the spectral six-headed hydra's attack.
The spectral six-headed hydra bites you!
* * * LOW HITPOINT WARNING * * *
You feel better.
You are engulfed in spectral mist.
* * * LOW HITPOINT WARNING * * *
The ghost crab bites you!
* * * LOW HITPOINT WARNING * * *
The ghost crab claws you.
* * * LOW HITPOINT WARNING * * *
The spectral six-headed hydra barely misses you.
The spectral six-headed hydra bites you.
* * * LOW HITPOINT WARNING * * *
You partially resist.
You feel drained.
You block the spectral six-headed hydra's attack.
The spectral six-headed hydra bites you!
You die...

..##...#.#######§#....##
# ...#.###÷# #Z#..###
#.#### #.# #.#.## ###
#.# #Z### .P# #.# #Z#
.#######.# #†#
......##.# #Z#
.......#.# #Z#
#......#÷# #@#
#......#†# #t#
##.....#†# .Z###
##...##.#########.#
###...##.÷.....÷.†.#
..#..#############[#
......##.##.....#..#
...................#
#..................####
#


You could see a ghost crab, a spectral komodo dragon, 2 spectral six-headed
hydras, a spectral elephant, a spectral blink frog and a spectral torpor snail.

Vanquished Creatures
  3 entropy weavers (Lair:4)
  A white draconian (IceCv)
  The ghost of Suckerboh the Carver, a journeyman HaBe of Trog (D:11)
  2 hydras
  A catoblepas (Lair:4)
  2 two-headed ogres (D:9)
  3 death yaks (IceCv)
  Nergalle (Lair:2)
  5 fire crabs (Lair:4)
  An orc knight (D:11)
  An ugly thing (D:11)
  An ice statue (IceCv)
  6 spiny frogs
  A gargoyle (D:11)
  A black mamba (Lair:3)
  9 rime drakes
  The ghost of ThereIsNoGod the Chiller, a novice OpIE (D:7)
  8 komodo dragons
  19 polar bears
  2 trolls (D:10)
  6 blink frogs (Lair:4)
  A hornet (D:11)
  14 hippogriffs
  2 wraiths (D:10)
  2 shadows
  5 wyverns (Lair:4)
  3 hogs (D:8)
  A human (D:8)
  2 steam dragons
  5 basilisks
  30 yaks
  Menkaure (D:7)
  Duvessa (D:7)
  A swamp worm (Lair:3)
  2 nagas (Lair:4)
  An acid dragon (D:11)
  A hell hound (Lair:4)
  3 water moccasins
  9 ice beasts
  An eye of draining (D:11)
  4 porcupines
  Purgy (Sewer)
  3 sky beasts
  8 orc warriors
  2 necrophages
  3 ogres
  2 phantoms
  5 centaurs
  35 wolves
  10 crocodiles
  3 big kobolds
  8 bullfrogs
  Dowan (D:7)
  3 scorpions
  14 killer bees
  5 wights (D:9)
  2 electric eels
  A howler monkey (D:11)
  6 crimson imps
  A quasit (D:7)
  2 centaur zombies
  12 hounds
  4 jellies
  Crazy Yiuf (D:3)
  A bullfrog skeleton (D:6)
  2 centaur skeletons
  4 orc priests
  7 orc wizards
  6 iguanas
  4 worker ants
  A killer bee zombie (D:8)
  3 hound skeletons
  9 adders
  2 shadow imps
  An ooze (D:2)
  2 adder skeletons
  A worm (D:2)
  4 dart slugs
  11 leopard geckos
  30 orcs
  6 giant cockroaches
  3 goblins
  4 hobgoblins
  7 jackals (D:6)
  19 kobolds
  2 quokkas
  14 bats
  2 frilled lizards
  A jackal zombie (D:8)
  8 rats
  5 fungi
  2 plants
457 creatures vanquished.

Vanquished Creatures (others)
  A rime drake (IceCv)
  A fungus (Lair:4)
  2 plants (Lair:3)
4 creatures vanquished.

Grand Total: 461 creatures vanquished

Notes
Turn   | Place    | Note
-------+----------+-------------------------------------------
     0 | D:1      | homeworkjunkie the Hill Orc Fighter began the quest for the Orb.
     0 | D:1      | Reached XP level 1. HP: 19/19 MP: 1/1
   198 | D:1      | Reached XP level 2. HP: 22/27 MP: 2/2
   474 | D:3      | Found a runed door.
   479 | D:3      | Noticed Crazy Yiuf
   486 | D:3      | Killed Crazy Yiuf
   486 | D:3      | Reached skill level 3 in Axes
   486 | D:3      | Reached XP level 3. HP: 21/33 MP: 3/3
   599 | D:3      | Found a glowing drain.
   605 | D:3      | Reached XP level 4. HP: 32/40 MP: 4/4
   623 | Sewer    | Entered a sewer
   702 | Sewer    | Noticed Purgy
   724 | Sewer    | Killed Purgy
   724 | Sewer    | Reached skill level 4 in Axes
   724 | Sewer    | Reached XP level 5. HP: 27/46 MP: 5/5
  1068 | D:2      | Reached skill level 5 in Axes
  1575 | D:4      | Found Estroulu's Magic Scroll Emporium.
  1793 | D:2      | Reached XP level 6. HP: 27/53 MP: 6/6
  1801 | D:2      | Reached skill level 1 in Dodging
  2897 | D:5      | Entered Level 5 of the Dungeon
  3081 | D:5      | Reached skill level 6 in Axes
  3153 | D:4      | Found a shadowy altar of Dithmenos.
  3204 | D:4      | Found Beduj's General Store.
  3554 | D:4      | Bought a scroll of enchant weapon for 82 gold pieces
  3561 | D:4      | Bought a scroll of enchant armour for 97 gold pieces
  3615 | D:5      | Reached XP level 7. HP: 60/60 MP: 7/7
  4685 | D:6      | Reached skill level 5 in Armour
  4799 | D:6      | Reached skill level 7 in Axes
  4799 | D:6      | Reached skill level 5 in Shields
  4806 | D:6      | Reached skill level 5 in Fighting
  4928 | D:6      | Reached skill level 8 in Axes
  4928 | D:6      | Reached XP level 8. HP: 47/68 MP: 8/8
  5071 | D:7      | Noticed a hippogriff
  5071 | D:7      | Noticed ThereIsNoGod's ghost (novice OpIE)
  5608 | D:6      | Identified a scroll of acquirement
  5609 | D:6      | Got a brightly glowing broad axe
  5610 | D:6      | Identified the +9 broad axe of the Lost Dreams {flame, rElec Str+2} (You acquired it on level 6 of the Dungeon)
  5696 | D:7      | Killed a hippogriff
  5696 | D:7      | Reached skill level 9 in Axes
  5704 | D:7      | Killed ThereIsNoGod's ghost
  5865 | D:7      | Found the +9 staff of Wucad Mu {channel}
  6133 | D:7      | Reached XP level 9. HP: 75/75 MP: 9/9
  6154 | D:7      | Noticed Menkaure
  6163 | D:7      | Killed Menkaure
  6163 | D:7      | Reached skill level 10 in Axes
  6388 | D:7      | Found a staircase to the Ecumenical Temple.
  6395 | Temple   | Entered the Ecumenical Temple
  6501 | Temple   | Became a worshipper of Warmaster Okawaru
  6568 | D:7      | Noticed Duvessa
  6570 | D:7      | Noticed Dowan
  6571 | D:7      | Found an ancient bone altar of Kikubaaqudgha.
  6575 | D:7      | Killed Duvessa
  6584 | D:7      | Killed Dowan
  6587 | D:7      | Found a sparkling altar of Nemelex Xobeh.
  6621 | D:7      | Found a snail-covered altar of Cheibriados.
  6746 | D:7      | Found a burning altar of Makhleb.
  6867 | D:9      | Noticed a two-headed ogre
  6872 | D:9      | Killed a two-headed ogre
  6872 | D:9      | Reached * piety under Okawaru
  6872 | D:9      | Reached skill level 11 in Axes
  6940 | D:8      | Reached ** piety under Okawaru
  6956 | D:8      | Reached skill level 12 in Axes
  6956 | D:8      | Reached XP level 10. HP: 72/86 MP: 4/10
  6959 | D:8      | Reached skill level 1 in Evocations
  7039 | D:8      | Found a radiant altar of Vehumet.
  7076 | D:9      | Reached *** piety under Okawaru
  7902 | D:10     | Entered Level 10 of the Dungeon
  7989 | D:9      | Noticed a two-headed ogre
  7993 | D:9      | Killed a two-headed ogre
  8187 | D:9      | Found a sacrificial altar of Ru.
  8247 | D:9      | Reached skill level 13 in Axes
  8612 | D:10     | Reached **** piety under Okawaru
  8742 | D:10     | Reached XP level 11. HP: 88/94 MP: 12/12
  8814 | D:10     | Reached skill level 14 in Axes
  8869 | D:10     | Found a staircase to the Lair.
  8881 | D:10     | Reached ***** piety under Okawaru
  9264 | Lair:1   | Entered Level 1 of the Lair of Beasts
  9330 | Lair:1   | Found a frozen archway.
  9348 | IceCv    | Entered an ice cave
  9643 | IceCv    | Reached skill level 15 in Axes
  9654 | IceCv    | Received a gift from Okawaru
  9657 | IceCv    | Got a pitted broad axe {god gift}
  9658 | IceCv    | Identified the +3 broad axe of Foolhardiness {freeze, *Contam rPois Str+4} (Okawaru gifted it to you in an ice cave)
  9680 | IceCv    | Gained mutation: Your body sometimes deteriorates upon taking damage. [mutagenic glow]
  9751 | IceCv    | Noticed a death yak
  9761 | IceCv    | Killed a death yak
  9770 | IceCv    | Reached XP level 12. HP: 62/105 MP: 15/15
  9834 | IceCv    | Upgraded the game from 0.21.0-3-g78d12a8 to 0.21.0-25-ge575cb9
  9927 | IceCv    | Noticed a white draconian
  9927 | IceCv    | Noticed a death yak
  9927 | IceCv    | Noticed a death yak
  9939 | IceCv    | Killed a death yak
  9939 | IceCv    | Reached skill level 10 in Fighting
  9939 | IceCv    | Reached skill level 16 in Axes
  9946 | IceCv    | Killed a death yak
  9960 | IceCv    | Killed a white draconian
  9960 | IceCv    | Reached ****** piety under Okawaru
  9960 | IceCv    | Received a gift from Okawaru
  9960 | IceCv    | Reached skill level 10 in Shields
 10310 | D:11     | Noticed Suckerboh's ghost (journeyman HaBe)
 10322 | D:11     | Killed Suckerboh's ghost
 10385 | D:12     | Found a bloodstained altar of Trog.
 10431 | D:11     | Reached skill level 17 in Axes
 10437 | D:11     | Paralysed by a hornet for 2 turns
 10546 | D:11     | Got a coiled lapis lazuli ring
 10560 | D:11     | Found a roughly hewn altar of Beogh.
 10562 | D:11     | Found a staircase to the Orcish Mines.
 10579 | D:11     | Reached skill level 1 in Stealth
 10657 | D:10     | Identified the ring of Tikkur {rF+ MP+9 EV+3} (You took it off a centaur on level 11 of the Dungeon)
 10777 | Lair:1   | Reached skill level 5 in Evocations
 10784 | Lair:1   | Reached XP level 13. HP: 116/116 MP: 16/16
 10947 | Lair:2   | Noticed Nergalle
 10954 | Lair:2   | Killed Nergalle
 11454 | Lair:1   | Reached skill level 18 in Axes
 11865 | Lair:3   | Received a gift from Okawaru
 12726 | Lair:3   | Found a staircase to the Swamp.
 13552 | Lair:4   | Found a runed door.
 13749 | Lair:4   | Found a staircase to the Snake Pit.
 13798 | Lair:4   | Received a gift from Okawaru
 13806 | Lair:4   | Reached XP level 14. HP: 121/127 MP: 18/18
 13830 | Lair:4   | Reached skill level 10 in Armour
 14454 | Lair:4   | Received a gift from Okawaru
 14477 | Lair:4   | Noticed an entropy weaver
 14484 | Lair:4   | Killed an entropy weaver
 14570 | Lair:4   | Noticed an entropy weaver
 14589 | Lair:4   | Killed an entropy weaver
 14589 | Lair:4   | Reached skill level 19 in Axes
 14598 | Lair:4   | Noticed an entropy weaver
 14615 | Lair:4   | Killed an entropy weaver
 14628 | Lair:4   | Slain by a spectral six-headed hydra

Skill      XL: |  1  2  3  4  5  6  7  8  9 10 11 12 13 14 |
---------------+-------------------------------------------+-----
Fighting       | 4 5 6 7 8 9 11 12 13 | 13.3
Axes           | 3 4 5 6 8 9 12 13 15 17 18 19 | 19.0
Armour         | 4 5 6 7 8 9 10 | 10.2
Shields        | 4 5 6 7 8 9 10 11 | 11.7
Dodging        | 1 2 3 |  3.0
Evocations     | 2 4 5 6 7 |  7.0
Stealth        | 1 |  1.0
Invocations    | |  0.1

Action                   |  1- 3 |  4- 6 |  7- 9 | 10-12 | 13-15 || total
-------------------------+-------+-------+-------+-------+-------++-------
Melee: War axe           |    76 |   202 |   110 |       |       ||   388
       Broad axe         |       |       |    97 |   477 |   386 ||   960
Invok: Finesse           |       |       |       |     1 |       ||     1
Evoke: Wand              |       |       |       |     6 |       ||     6
  Use: Potion            |     3 |     2 |     1 |     5 |     3 ||    14
       Scroll            |     5 |    13 |     3 |     9 |     2 ||    32
  Eat: Ration            |       |     3 |     4 |     3 |     4 ||    14
       Chunk             |       |       |     1 |       |       ||     1
Armor: Scale mail        |    43 |   130 |     2 |       |       ||   175
       Chain mail        |       |       |   106 |   189 |    34 ||   329
       Ring mail         |       |       |       |       |    50 ||    50
       Plate armour      |       |       |       |       |    33 ||    33
Dodge: Dodged            |    42 |    76 |    43 |   101 |   109 ||   371
Block: Shield            |    29 |   148 |   116 |   265 |   220 ||   778
       Reflection        |       |       |       |     9 |     1 ||    10
